 Dungeon Crawl Stone Soup version 0.16-a0-3308-g116f5c4 (webtiles) character file.

50 Kemay the Insei (level 3, -2/23 HPs)
             Began as an Octopode Transmuter on Dec 26, 2014.
             Slain by a kobold
             ... wielding a +0 short sword
              (3 damage)
             ... on level 2 of the Dungeon.
             The game lasted 00:03:38 (1630 turns).

Kemay the Insei (Octopode Transmuter)               Turns: 1630, Time: 00:03:39

Health: -2/23      AC:  1    Str:  9    XL:     3   Next: 79%
Magic:  6/6        EV: 13    Int: 16    God:
Gold:   78         SH:  0    Dex: 12    Spells: 1 memorised, 5 levels left

rFire  . . .     SeeInvis .       - Unarmed
rCold  . . .     Clarity  .     (no shield)
rNeg   . . .     SustAb   .     (helmet restricted)
rPois  .         Gourm    .     (no amulet)
rElec  .         Spirit   .     (no ring)
rCorr  .         Warding  .     (no ring)
rMut   .         Stasis   .     (no ring)
MR     .....                    (no ring)
Stlth  ++........               (no ring)
                                (no ring)
                                (no ring)
                                (no ring)

@: appendage, not resistant to hostile enchantments, unstealthy
A: almost no armour, amphibious, 8 rings, constrict 8, tentacle spike 3,
camouflage 1, gelatinous body 1
a: End Transformation


You were on level 2 of the Dungeon.
You were not hungry.
One of your tentacles had a temporary spike.
You visited 1 branch of the dungeon, and saw 2 of its levels.

You collected 78 gold pieces.

Inventory:

Scrolls
 c - a scroll of teleportation
 e - a scroll of remove curse
 j - a scroll of blinking
Potions
 f - 2 potions of curing
 h - 2 potions of agility {unknown}
 i - a potion of restore abilities {unknown}
Books
 d - a book of Changes

   Spells                             Type                      Level
   a - Beastly Appendage              Transmutation                1
   b - Sticks to Snakes               Transmutation                2
   c - Spider Form                    Transmutation/Poison         3
   d - Ice Form                       Ice/Transmutation            4
   e - Blade Hands                    Transmutation                5
Comestibles
 a - 3 bread rations
 b - 3 chunks of flesh
 g - 2 fruits


   Skills:
 - Level 1.0 Fighting
 + Level 3.0 Dodging
 * Level 4.0 Unarmed Combat
 - Level 2.0 Spellcasting
 - Level 2.0 Transmutations


You had 5 spell levels left.
You knew the following spells:

 Your Spells              Type           Power        Failure   Level  Hunger
a - Beastly Appendage     Trmt           #.....       10%         1    #......


Dungeon Overview and Level Annotations

Branches:
Dungeon (2/15)

Altars:
Ashenzari


Innate Abilities, Weirdness & Mutations

You cannot wear most types of armour.
You are amphibious.
You can wear up to eight rings at the same time.
You can use your tentacles to constrict many enemies at once.
Your skin changes colour to match your surroundings (Stealth).
Your rubbery body absorbs attacks (AC +1).
One of your tentacles bears a large vicious spike.


Message History

You are too injured to fight recklessly!
You are too injured to fight recklessly!
You tentacle-slap the worm. You grab the worm.
You pierce the worm, but do no damage.
The worm is moderately wounded.
You constrict the worm. The worm closely misses you.
Some of the chunks of flesh in your inventory have rotted away.
You tentacle-slap the worm but do no damage.
You pierce the worm.
The worm is moderately wounded.
You constrict the worm. The kobold hits you with a short sword.
* * * LOW HITPOINT WARNING * * *
You tentacle-slap the worm.
The worm is heavily wounded.
You constrict the worm. The worm bites you.
* * * LOW HITPOINT WARNING * * *
You barely miss the worm.
The worm is heavily wounded.
You constrict the worm. The kobold hits you with a short sword.
You die...

#......#........#
.#.#..)....
#.##...'.....####
.#.#.###### ###.##.###.....#
.. .#.#.# .##.##.#
#.....##.######.#.#
.##.##.###.............#.#.#
.##(##.#...............#.#.#
.##.##.#.#.............#.###
.##.#..#.######..w.....#.#
.##...........+.@K.....#.#
.........######........#.#
......................##.#
.##..<##################.#
.#######################.#
<........................#
.#########################
.# .#


You could see a worm and a kobold.

Vanquished Creatures
  A giant mite (D:2)
  2 giant geckos
  2 ball pythons
  A giant cockroach (D:1)
  10 goblins
  9 hobgoblins
  2 bats
  2 giant newts (D:2)
  4 kobolds
  A quokka (D:2)
  7 rats
41 creatures vanquished.

Notes
Turn   | Place    | Note
--------------------------------------------------------------
     0 | D:1      | Kemay, the Octopode Transmuter, began the quest for the Orb.
     0 | D:1      | Reached XP level 1. HP: 13/13 MP: 3/3
   548 | D:1      | Reached XP level 2. HP: 18/18 MP: 4/4
  1071 | D:1      | Reached XP level 3. HP: 23/23 MP: 6/6
  1289 | D:2      | Found a shattered altar of Ashenzari.
  1545 | D:2      | Reached skill level 4 in Unarmed Combat
  1629 | D:2      | HP: 1/23 [worm (2)]
  1630 | D:2      | Slain by a kobold

Action                   || total
-------------------------++-------
Melee: Unarmed           ||    91
 Cast: Beastly Appendage ||     8
 Abil: End Transformatio ||     2
  Use: Scroll            ||     7
 Stab: Sleeping          ||     3
  Eat: Chunk             ||     2
